 Dungeon Crawl Stone Soup version 0.27.0-1-g7a089689b8 (webtiles) character file.

Game seed: 6271719773386220557

91 DocClef the Covert (level 4, 0/41 HPs)
             Began as a Gnoll Delver on Aug 2, 2021.
             Slain by a river rat (5 damage)
             ... in a sewer.
             The game lasted 00:00:44 (169 turns).

DocClef the Covert (Gnoll Delver)                    Turns: 169, Time: 00:00:45

Health: 0/41       AC:  3    Str: 13    XL:     4   Next: 57%
Magic:  5/5        EV: 12    Int:  9    God:
Gold:   0          SH:  4    Dex: 13    Spells: 5/5 levels left

rFire    . . .     SeeInvis .   a - +0 short sword
rCold    . . .     Faith    .   d - +0 buckler
rNeg     . . .     Spirit   .   b - +0 leather armour
rPois    .         Reflect  .   (no helmet)
rElec    .         Harm     .   (no cloak)
rCorr    .         Rampage  .   (no gloves)
Will     .....                  (no boots)
Stlth    ++++......             (no amulet)
HPRegen  0.13/turn              (no ring)
MPRegen  0.09/turn              (no ring)

@: no status effects
A: fangs 1, strong nose, distributed training
a: no special abilities


You were in a sewer.
You visited 1 branch of the dungeon, and saw 1 of its levels.
You also visited: Sewer.

Inventory:

Hand Weapons
 a - a +0 short sword (weapon)
Armour
 b - a +0 leather armour (worn)
 d - a +0 buckler (worn)
Wands
 g - a wand of digging (3)
 h - a wand of iceblast (12)
Scrolls
 c - a scroll of fog
 e - a scroll of fear
 i - a scroll of enchant weapon {unknown}
Potions
 f - a potion of haste
 j - a potion of ambrosia {unknown}


   Skills:
 + Level 6.6 Fighting
 + Level 4.6 Short Blades
 + Level 1.2 Long Blades
 + Level 1.2 Axes
 + Level 1.2 Maces & Flails
 + Level 1.2 Polearms
 + Level 1.2 Staves
 + Level 1.2 Slings
 + Level 1.2 Bows
 + Level 1.2 Crossbows
 + Level 1.2 Throwing
 + Level 1.2 Armour
 + Level 4.6 Dodging
 + Level 9.6 Stealth
 + Level 1.2 Shields
 + Level 1.2 Unarmed Combat
 + Level 1.2 Spellcasting
 + Level 1.0 Conjurations
 + Level 1.0 Hexes
 + Level 1.0 Summonings
 + Level 1.0 Necromancy
 + Level 1.0 Translocations
 + Level 1.0 Transmutations
 + Level 1.0 Fire Magic
 + Level 1.0 Ice Magic
 + Level 1.0 Air Magic
 + Level 1.0 Earth Magic
 + Level 1.0 Poison Magic
 + Level 1.3 Invocations
 + Level 1.2 Evocations


You had 5 spell levels left.
You didn't know any spells.
Your spell library was empty.

Dungeon Overview and Level Annotations

Branches:
Dungeon (5/15)             Temple (0/1) D:5           Sewer (1/1)

Altars:
Nemelex Xobeh
Uskayaw

Annotations:
D:5 2 transporters, Sigmund


Innate Abilities, Weirdness & Mutations

You have very sharp teeth.
Your uncanny sense of smell can sniff out nearby items.
Your experience applies equally to all skills.


Message History

Your Poison Magic skill increases to level 1!
Unknown command.
You see here a worm corpse.
There is a glowing drain here.
The world spins around you as you enter the gateway.
You enter a sewer! 2 rats and 2 river rats come into view.
Found a gate leading back out of this place.
There is an empty arch of ancient stone here.
There is a gate leading back out of this place here.
You closely miss the river rat. You closely miss the river rat.
You block the river rat's attack.
You barely miss the river rat. The rat bites you but does no damage.
The river rat bites you.
You closely miss the river rat.
You bite the river rat, but do no damage.
The rat closely misses you. You block the river rat's attack.
You hit the river rat. Your bite misses the river rat.
The river rat is lightly wounded.
The rat misses you. The river rat bites you.
Unknown command.
You barely miss the river rat.
The river rat is lightly wounded.
You block the rat's attack. The river rat bites you.
Your shield prevents you from hitting the river rat.
The river rat is lightly wounded.
The rat bites you but does no damage. The river rat closely misses you.
You closely miss the river rat.
The river rat is lightly wounded.
You block the rat's attack. The river rat bites you!
* * * LOW HITPOINT WARNING * * *
You hit the river rat.
The river rat is moderately wounded.
The rat bites you but does no damage. The river rat misses you.
You hit the river rat. Your bite misses the river rat.
The river rat is severely wounded.
The rat bites you.
* * * LOW HITPOINT WARNING * * *
The river rat bites you.
You die... ############### ≈...r..∩r@r..r# ###############

You could see 2 river rats and 2 rats.

Vanquished Creatures
  An ogre (D:5)
  A worm (D:5)
  A giant cockroach (D:5)
  A rat (D:5)
4 creatures vanquished.

Notes
Turn   | Place    | Note
-------+----------+-------------------------------------------
     0 | D:5      | Reached skill level 9 in Stealth
     0 | D:5      | DocClef the Gnoll Delver began the quest for the Orb.
     0 | D:5      | Reached XP level 1. HP: 23/23 MP: 1/1
    36 | D:5      | Found a sparkling altar of Nemelex Xobeh.
    49 | D:5      | Noticed an ogre
    64 | D:5      | Killed an ogre
    65 | D:5      | Reached skill level 1 in Long Blades
    65 | D:5      | Reached skill level 1 in Axes
    65 | D:5      | Reached skill level 1 in Maces & Flails
    65 | D:5      | Reached skill level 1 in Polearms
    65 | D:5      | Reached skill level 1 in Staves
    65 | D:5      | Reached skill level 1 in Slings
    65 | D:5      | Reached skill level 1 in Bows
    65 | D:5      | Reached skill level 1 in Crossbows
    65 | D:5      | Reached skill level 1 in Throwing
    65 | D:5      | Reached skill level 1 in Armour
    65 | D:5      | Reached skill level 1 in Shields
    65 | D:5      | Reached skill level 1 in Unarmed Combat
    65 | D:5      | Reached skill level 1 in Spellcasting
    65 | D:5      | Reached skill level 1 in Invocations
    65 | D:5      | Reached skill level 1 in Evocations
    65 | D:5      | Reached XP level 2. HP: 29/29 MP: 1/3
    65 | D:5      | Reached XP level 3. HP: 35/35 MP: 1/4
    65 | D:5      | Reached XP level 4. HP: 41/41 MP: 1/5
    89 | D:5      | Found a hide-covered altar of Uskayaw.
    89 | D:5      | Noticed an ogre
    97 | D:5      | Found a transporter.
    99 | D:5      | Noticed Sigmund
   114 | D:5      | Found a transporter.
   121 | D:5      | Found a glowing drain.
   152 | D:5      | Reached skill level 1 in Conjurations
   152 | D:5      | Reached skill level 1 in Hexes
   152 | D:5      | Reached skill level 1 in Summonings
   152 | D:5      | Reached skill level 1 in Necromancy
   152 | D:5      | Reached skill level 1 in Translocations
   152 | D:5      | Reached skill level 1 in Transmutations
   152 | D:5      | Reached skill level 1 in Fire Magic
   152 | D:5      | Reached skill level 1 in Ice Magic
   152 | D:5      | Reached skill level 1 in Air Magic
   152 | D:5      | Reached skill level 1 in Earth Magic
   152 | D:5      | Reached skill level 1 in Poison Magic
   157 | Sewer    | Entered a sewer
   169 | Sewer    | Slain by a river rat

Illustrated notes

Levels and vault maps discovered:
D:5:      gammafunk_steamed_eel, layout_layer_cave, nemelex_spade_bored_becter,
          mainiacjoe_overflow_concentric_impassable,
          minmay_temple_entry_junction_2, cheibrodos_sewer_entry_drain,
          uniq_sigmund, uniq_blork_the_orc
Sewer:    sewer_kobolds

Skill      XL: |  1  2  3  4 |
---------------+-------------+-----
Stealth        | |  9.6
Long Blades    | 1 |  1.2
Axes           | 1 |  1.2
Maces & Flails | 1 |  1.2
Polearms       | 1 |  1.2
Staves         | 1 |  1.2
Slings         | 1 |  1.2
Bows           | 1 |  1.2
Crossbows      | 1 |  1.2
Throwing       | 1 |  1.2
Armour         | 1 |  1.2
Shields        | 1 |  1.2
Unarmed Combat | 1 |  1.2
Spellcasting   | 1 |  1.2
Invocations    | 1 |  1.3
Evocations     | 1 |  1.2
Conjurations   | 1 |  1.0
Hexes          | 1 |  1.0
Summonings     | 1 |  1.0
Necromancy     | 1 |  1.0
Translocations | 1 |  1.0
Transmutations | 1 |  1.0
Fire Magic     | 1 |  1.0
Ice Magic      | 1 |  1.0
Air Magic      | 1 |  1.0
Earth Magic    | 1 |  1.0
Poison Magic   | 1 |  1.0
Fighting       | |  6.6
Short Blades   | |  4.6
Dodging        | |  4.6

Action                   |  1- 3 |  4- 6 || total
-------------------------+-------+-------++-------
Melee: Short sword       |     1 |    31 ||    32
       Bite              |       |     3 ||     3
  Use: Scroll            |     1 |       ||     1
 Stab: Sleeping          |     1 |       ||     1
Armor: Leather armour    |       |     3 ||     3
Dodge: Dodged            |       |     6 ||     6
Block: Buckler           |       |     6 ||     6
